 Dungeon Crawl Stone Soup version 0.24.1-14-gf8d2b509d9 (webtiles) character file.

Game seed: 7442478270134341186, levelgen mode: deterministic

855256 Kniotic the Axe Maniac (level 27, -17/273 HPs)
             Began as a Minotaur Berserker on May 26, 2020.
             Was a High Priest of Trog.
             Demolished by an acid blob (20 damage)
             ... on level 5 of the Pits of Slime on May 28, 2020.
             The game lasted 04:29:23 (87411 turns).

Kniotic the Axe Maniac (Minotaur Berserker)        Turns: 87411, Time: 04:29:24

Health: -17/273    AC: 18    Str: 34    XL:     27
Magic:  22/22      EV: 25    Int: 11    God:    Trog [*****.]
Gold:   4384       SH:  8    Dex: 16    Spells: 26/26 levels left

rFire    + . .     SeeInvis .   q - +2 executioner's axe of Offence {vamp, Int+2 Stlth+}
rCold    + . .     Gourm    .   (shield currently unavailable)
rNeg     + . .     Faith    .   v - +15 gold dragon scales "Qogucvun" {rPois rF+ rC+ rN+ Str+2 Dex-4}
rPois    +         Spirit   .   (helmet restricted)
rElec    +         Reflect  +   D - +0 cloak of Mezcal {Dex+2 Slay+2}
rCorr    .         Harm     .   J - +1 pair of gloves {Dex+3}
MR       +++..                  G - +1 pair of boots {run}
Stlth    ..........             F - brooch of Shielding {Reflect SH+8}
HPRegen  0.00/turn              x - ring of Yzidurgha {rElec EV+6 Int+5 Dex+4}
MPRegen  0.18/turn              N - ring of Cuttileo {+Inv rElec MR+}

@: about to teleport, marked, corroded, quick
A: retaliatory headbutt, horns 2, screaming 1, inhibited regeneration, weak 1
}: 7/15 runes: decaying, serpentine, silver, iron, obsidian, icy, abyssal
a: Berserk, Trog's Hand, Brothers in Arms, Renounce Religion, Evoke Invisibility


You were on level 5 of the Pits of Slime.
You worshipped Trog.
Trog was extremely pleased with you.
You were hungry.

You visited 15 branches of the dungeon, and saw 75 of its levels.
You visited the Abyss 1 time.
You visited 1 bazaar.
You also visited: Trove, Sewer and Gauntlet.

You collected 11511 gold pieces.
You spent 7127 gold pieces at shops.

Inventory:

Hand Weapons
 b - the +7 morningstar of the Magi {antimagic, Stlth+}
   (You found it on level 3 of the Elven Halls)

   It reduces the magical energy of the wielder, and disrupts the spells and
   magical abilities of those hit.
   Natural abilities and divine invocations are not affected.
   It makes you more stealthy.
 i - a +6 executioner's axe of flaming
 q - the +2 executioner's axe of Offence (weapon) {vamp, Int+2 Stlth+}
   (You found it in a treasure trove)

   It inflicts no extra harm, but heals its wielder when it wounds a living foe.
   It affects your intelligence (+2).
   It makes you more stealthy.
Armour
 v - the +15 gold dragon scales "Qogucvun" (worn) {rPois rF+ rC+ rN+ Str+2 Dex-4}
   (You bought it in a shop on level 2 of the Elven Halls)

   It affects your strength (+2).
   It affects your dexterity (-4).
   It protects you from fire.
   It protects you from cold.
   It protects you from poison.
   It protects you from negative energy.
 D - the +0 cloak of Mezcal (worn) {Dex+2 Slay+2}
   (You found it on level 9 of the Dungeon)

   It affects your dexterity (+2).
   It affects your accuracy and damage with ranged weapons and melee attacks
   (+2).
 G - a +1 pair of boots of running (worn)
 J - a +1 pair of gloves of dexterity (worn)
 T - the +2 shield of Resistance {rF+ rC+ MR+}
   (You found it on level 9 of the Dungeon)

   It protects you from fire.
   It protects you from cold.
   It affects your resistance to hostile enchantments.
Jewellery
 g - the ring of Faxycza {rF+ Stlth+}
   (You found it in a Gauntlet)

   [ring of stealth]

   It protects you from fire.
   It makes you more stealthy.
 u - the amulet of Disoc {Gourm rF+}
   (You found it in a treasure trove)

   [amulet of the gourmand]

   It allows you to eat raw meat even when not hungry.
   It protects you from fire.
 x - the ring of Yzidurgha (left hand) {rElec EV+6 Int+5 Dex+4}
   (You found it on level 3 of the Crypt)

   [ring of evasion]

   It affects your evasion (+6).
   It affects your intelligence (+5).
   It affects your dexterity (+4).
   It insulates you from electricity.
 F - the brooch of Shielding (around neck) {Reflect SH+8}
   (You found it on level 7 of Gehenna)

   [amulet of reflection]

   It shields you and reflects attacks.
   It affects your SH (+8).
 N - the ring of Cuttileo (right hand) {+Inv rElec MR+}
   (You bought it in a shop on level 2 of the Elven Halls)

   [ring of protection from magic]

   It insulates you from electricity.
   It affects your resistance to hostile enchantments.
   It lets you turn invisible.
 U - the ring of Vecofayr {rN+++ Str-5 Dex+3 Slay+2 SInv}
   (You bought it in a shop on level 1 of the Elven Halls)

   [ring of dexterity]

   It affects your strength (-5).
   It affects your dexterity (+3).
   It affects your accuracy and damage with ranged weapons and melee attacks
   (+2).
   It renders you almost immune to negative energy.
   It lets you see invisible.
Wands
 B - a wand of acid (46)
 P - a wand of clouds (5)
 Y - a wand of paralysis (6)
Scrolls
 k - 33 scrolls of teleportation
 l - 13 scrolls of identify
 t - 8 scrolls of fog
 E - 13 scrolls of remove curse
 R - 2 scrolls of magic mapping
 S - 2 scrolls of holy word
 W - 3 scrolls of fear
 X - 3 scrolls of summoning
Potions
 d - 7 potions of heal wounds
 f - 5 potions of brilliance
 h - 8 potions of flight
 j - 9 potions of haste
 m - a potion of cancellation
 n - 10 potions of curing
 o - 2 potions of mutation
 r - 2 potions of resistance
 s - 6 potions of might
 A - 5 potions of agility
 C - 6 potions of ambrosia
 K - a potion of berserk rage
Miscellaneous
 a - a fan of gales
 e - a box of beasts
 y - the horn of Geryon
 H - 2 sacks of spiders
 O - a lamp of fire
 Q - a phial of floods
 V - 3 phantom mirrors
Comestibles
 c - 54 rations


   Skills:
 O Level 27 Fighting
 O Level 27 Axes
 O Level 27 Maces & Flails
 O Level 27 Armour
 - Level 18.3 Dodging
 * Level 26.4 Shields


You had 26 spell levels left.
You didn't know any spells.
Your spell library was empty.

Dungeon Overview and Level Annotations

Branches:
Dungeon (15/15)            Temple (0/1) D:5            Lair (6/6) D:9
  Swamp (4/4) Lair:4        Snake (4/4) Lair:4        Slime (5/5) Lair:6
    Orc (2/2) D:11            Elf (3/3) Orc:2        Vaults (5/5) D:14
  Crypt (3/3) Vaults:2       Tomb (1/3) Crypt:3      Depths (5/5) D:15
   Hell (visited)             Dis (7/7) Hell            Geh (7/7) Hell
    Coc (7/7) Hell            Tar (0/7) Hell            Zot (0/5) Depths:5
  Sewer (visited)         Gauntlet (visited)

Altars:
Ashenzari
Cheibriados
Dithmenos
Gozag
Hepliaklqana
Kikubaaqudgha
Makhleb
Nemelex Xobeh
Okawaru
Ru
Sif Muna
Trog
Xom
Jiyva

Shops:
D:4 *   D:5 [   D:6 :   D:13 *   Orc:2 :[!*(   Elf:1 *==   Elf:2 *=}}   Elf:3 :
Vaults:3 (   Vaults:5 (

Portals:
Hell: Lair:6 Depths:1 Depths:2 Depths:3 Depths:4 Depths:5
Abyss: Depths:1 Depths:3 Depths:4
Pandemonium: Depths:3 Depths:5
Ziggurat: Depths:5

Annotations:
D:5 2 transporters, kalodont's ghost, novice KoEn
D:6 2 runed translucent doors, Crazy Yiuf; ciphuk's ghost, novice KoBe
D:8 2 transporters, TreeFish's ghost, novice HuTm
D:9 1 runed translucent door
Slime:5 Royal Jelly
Elf:2 5 runed translucent doors
Elf:3 2 transporters, Req Tigi's ghost, adept FoFi


Innate Abilities, Weirdness & Mutations

You reflexively headbutt those who attack you in melee.
You have a pair of horns on your head.
You occasionally shout uncontrollably at your foes.
You do not regenerate when monsters are visible.
You are weak. (Str -2)


Message History

You resist with almost no effort.
You shout at the acid blob!
An acid blob comes into view.
You feel much better.
A slime creature comes into view.
You shout at the slime creature!
A slime creature comes into view.
The acid blob spits acid at you.
The splash of acid reflects off an invisible shield around you!
The splash of acid hits the great orb of eyes.
The great orb of eyes is splashed with acid.
The Royal Jelly hits you!!
* * * LOW HITPOINT WARNING * * *
You are splashed with acid!
* * * LOW HITPOINT WARNING * * *
The Royal Jelly completely misses you.
The great orb of eyes completely misses you.
You furiously retaliate!
You headbutt the great orb of eyes. The acid blob hits you!!
You die...

...........................#
...........................###
..................G..........###
...............................##
................................#
...............................##
.................JJ..............
................JJ...............
................@.G..............
........ ........GJ...........^..
....... .......JJ.G.............
....... J#..#.....GG..J.........
.... ## #.........J....(.... ..#
##....J............. ..#
##....J............ ##
###.JJ............ #
##J.............


You could see the Royal Jelly, 6 acid blobs, an azure jelly, 4 great orbs of
eyes, 6 slime creatures, an eye of devastation and a golden eye.

Vanquished Creatures
  Antaeus (Coc:7)
  Asmodeus (Geh:7)
  Dispater (Dis:7)
  Khufu (Crypt:3)
  7 ancient liches
  Mennas (Crypt:3)
  Mara (Crypt:3)
  5 greater mummies
  Boris (thrice) (Crypt:2 Crypt:3 Tomb:1)
  Saint Roka (Vaults:4)
  the Lernaean hydra (Swamp:4)
  10 shard shrikes
  Vashnia (Snake:2)
  Bai Suzhen (Depths:1)
  A profane servitor (Abyss:1)
  3 golden dragons
  Nikola (Swamp:4)
  Geryon (Hell)
  6 bone dragons
  9 liches
  3 Tzitzimimeh
  Jorgrun (D:14)
  4 iron giants
  11 Brimstone Fiends
  3 tentacled monstrosities (Vaults:5)
  6 Hell Sentinels (Dis:7)
  12 Ice Fiends
  Rupert (D:15)
  6 quicksilver dragons
  A deep elf master archer (Elf:3)
  6 acid blobs
  2 deep elf blademasters (Elf:3)
  4 titans
  6 Executioners
  10 sphinxes
  10 ancient champions
  3 shadow dragons
  10 tentacled starspawn
  Kirke (Snake:2)
  3 eldritch tentacles
  Agnes (Snake:3)
  A draconian monk (Depths:5)
  2 thorn hunters
  6 storm dragons
  7 tengu reavers
  Roxanne (Snake:4)
  6 nagarajas
  3 revenants
  11 frost giants
  6 iron dragons
  An azure jelly (Slime:2)
  Louise (Snake:1)
  7 balrugs
  22 vault wardens
  A juggernaut zombie (Crypt:1)
  14 fire giants
  Aizul (Snake:1)
  4 deep elf sorcerers
  A draconian knight (Depths:5)
  A spriggan defender (Depths:3)
  3 cacodemons
  A curse skull (Crypt:3)
  25 reapers
  4 ghouls
  26 very ugly things
  15 ironheart preservers
  6 deep elf elementalists
  An elemental wellspring (Coc:7)
  2 angels (Abyss:4)
  13 war gargoyles
  3 entropy weavers
  A green draconian (Depths:5)
  A yellow draconian (Abyss:3)
  6 deep elf demonologists
  A black draconian (Abyss:1)
  10 deep elf annihilators
  A white draconian (Depths:5)
  6 vampire knights
  22 stone giants
  2 lorocyprocas
  5 spark wasps
  A minotaur (Gauntlet)
  2 red draconians (Depths:5)
  A green death (Depths:1)
  12 blizzard demons
  13 deep elf death magi
  An eidolon (Crypt:2)
  Snorg (Lair:4)
  14 ettins
  A crystal guardian (Abyss:1)
  2 quicksilver dragon zombies
  11 mummy priests (Tomb:1)
  17 yaktaur captains
  9 great orbs of eyes
  2 deep elf high priests (Elf:3)
  Josephine (D:11)
  Harold (D:8)
  8 fire dragons
  30 ice dragons
  A quicksilver dragon skeleton (Crypt:2)
  A kraken zombie (Coc:3)
  6 jiangshi
  4 rakshasas
  30 vault guards
  12 naga warriors
  20 hydras
  8 centaur warriors
  A hell beast (Lair:6)
  3 shambling mangroves
  2 catoblepae
  4 spriggan air magi
  Erica (D:8)
  9 anacondas
  18 dancing weapons
  3 death knights
  17 alligators
  34 hell hogs
  41 two-headed ogres
  16 ogre magi
  10 tengu warriors
  5 deep troll earth magi
  9 deep troll shamans
  Urug (D:11)
  An anaconda (shapeshifter) (D:15)
  18 death scarabs (Tomb:1)
  14 naga sharpshooters
  6 spriggan berserkers
  6 titan zombies
  7 storm dragon zombies
  4 vampire magi
  7 soul eaters
  20 deep elf knights
  Sonja (Orc:2)
  13 thrashing horrors
  10 shock serpents
  21 sun demons
  31 large abominations
  A titan skeleton (Geh:1)
  13 wretched stars
  8 spriggans
  4 iron trolls
  2 shadow wraiths
  6 spatial maelstroms
  5 sixfirhies
  5 unseen horrors
  39 hell knights
  87 skeletal warriors
  13 anaconda zombies
  3 shadow demons
  3 iron golems
  2 spriggan druids
  4 storm dragon skeletons
  A ghost moth zombie (Coc:2)
  4 golden dragon zombies
  27 deep trolls
  A kraken simulacrum (Coc:3)
  4 glowing orange brains
  6 wizards
  13 swamp dragons
  3 wolf spider zombies
  7 deep elf archers
  2 golden dragon skeletons
  An orange crystal statue (Depths:4)
  10 flayed ghosts
  6 shadow dragon zombies
  12 naga ritualists
  9 orc knights
  2 harpies (shapeshifter)
  5 iron dragon zombies
  11 necromancers
  Pikel (D:4)
  2 tengu zombies
  13 phantasmal warriors
  15 ironbrand convokers
  5 anaconda skeletons
  4 wolf spiders
  7 fire giant zombies
  9 harpies
  A tengu skeleton (Depths:2)
  An orb spider (shapeshifter) (Vaults:3)
  68 ugly things
  2 frost giant zombies
  65 deep elf magi
  5 stone giant zombies
  14 salamanders
  9 mana vipers
  7 cyclopes
  4 oklob plants (Depths:4)
  2 worldbinders
  An orc sorcerer (Elf:2)
  A mana viper (shapeshifter) (Abyss:4)
  A manticore (D:12)
  4 shining eyes
  A cyclops (shapeshifter) (Depths:4)
  A moth of wrath (shapeshifter) (Vaults:5)
  6 guardian serpents
  2 iron dragon skeletons
  4 shadow dragon skeletons
  2 elf zombies (Hell)
  4 frost giant skeletons
  An eye of devastation (Abyss:4)
  A black mamba (shapeshifter) (Vaults:4)
  11 fire giant skeletons
  10 molten gargoyles
  An ice statue (Coc:7)
  5 dire elephant zombies
  33 rust devils
  An apocalypse crab (Abyss:4)
  19 vault sentinels
  3 stone giant skeletons
  31 black mambas
  An elf skeleton (Depths:2)
  22 spiny frogs
  6 gargoyles
  A torpor snail (shapeshifter) (Vaults:1)
  3 orange demons
  Psyche (D:11)
  26 naga magi
  4 centaur skeletons
  9 smoke demons
  5 elephants
  4 spectral swamp worms (Depths:5)
  4 dire elephant skeletons
  A demonic crawler (Hell)
  6 rime drakes
  3 kobold demonologists
  10 komodo dragons
  25 freezing wraiths
  5 emperor scorpion zombies
  2 yaktaur zombies
  A yellow draconian zombie (Crypt:1)
  23 tormentors
  21 hellions
  3 anaconda simulacra
  10 efreet
  30 ice devils
  A golden dragon simulacrum (Crypt:1)
  A spriggan zombie (Hell)
  A rime drake (shapeshifter) (Vaults:1)
  3 hellwings
  3 harpy zombies
  A minotaur skeleton (Coc:1)
  7 ancient zymes
  51 yaktaurs
  8 guardian mummies
  A pale draconian skeleton (Crypt:2)
  A catoblepas skeleton (Geh:7)
  6 polar bears
  4 tengu conjurers
  15 trolls
  A troll (shapeshifter) (Vaults:3)
  15 hydra zombies
  21 red devils
  Grinder (Sewer)
  3 jumping spiders
  9 meliai
  13 tyrant leeches
  A polar bear (shapeshifter) (Elf:2)
  15 bog bodies
  A shadow dragon simulacrum (Depths:2)
  8 raiju
  37 blink frogs
  9 hydra skeletons
  18 hornets
  7 alligator zombies
  8 hippogriffs
  8 ettin zombies
  53 slime creatures
  A fire giant simulacrum (Crypt:1)
  A deep troll zombie (Hell)
  9 ice dragon zombies
  A dream sheep (Lair:6)
  5 fire dragon zombies
  6 ettin skeletons
  A frost giant simulacrum (Abyss:4)
  An alligator skeleton (Coc:7)
  73 flying skulls
  A satyr skeleton (Crypt:2)
  31 starcursed masses (Abyss:4)
  11 fire dragon skeletons
  5 redbacks
  12 water elementals
  5 ice dragon skeletons
  20 shadows
  30 wraiths
  43 yaks
  A spriggan (shapeshifter) (Abyss:1)
  3 vampires
  3 wyverns
  4 air elementals
  6 basilisks
  19 fire elementals
  A tarantella (shapeshifter) (Depths:3)
  5 ynoxinuls
  4 hogs (Snake:2)
  12 chaos spawn
  6 golden eyes
  4 ushabtiu
  A golden eye (shapeshifter) (Depths:2)
  4 hungry ghosts
  23 small abominations
  A steam dragon (D:11)
  8 vampire mosquitoes
  2 human simulacra
  7 neqoxecs
  3 wargs (Vaults:4)
  8 insubstantial wisps
  A warg (shapeshifter) (D:15)
  16 swamp worms
  12 spatial vortices
  An acid dragon (D:8)
  15 water moccasins
  47 nagas
  5 porcupines
  A soldier ant (D:12)
  A floating eye (Depths:1)
  71 hell hounds
  A merfolk skeleton (Coc:2)
  18 swamp drakes
  8 spiny frog zombies
  2 swamp drakes (shapeshifter)
  A deep troll skeleton (Vaults:4)
  A black bear (shapeshifter) (Depths:1)
  5 sky beasts
  31 orc warriors
  An eye of draining (shapeshifter) (D:14)
  7 ice beasts
  4 spiny frog skeletons
  2 black bears
  5 eyes of draining
  4 manticore zombies
  4 necrophages
  5 phantoms
  13 boggarts
  A hornet zombie (D:15)
  A centaur (shapeshifter) (D:15)
  4 ettin simulacra
  53 ogres
  24 centaurs
  6 snapping turtle zombies
  28 wolves
  4 snapping turtle skeletons
  A manticore skeleton (Geh:4)
  11 crocodiles
  A swamp dragon skeleton (Coc:3)
  A crocodile (shapeshifter) (Depths:2)
  10 big kobolds
  Blork the orc (D:6)
  A hog skeleton (Crypt:2)
  13 bullfrogs
  A salamander zombie (Crypt:2)
  A bullfrog (shapeshifter) (Vaults:4)
  5 earth elementals
  A spiny frog simulacrum (Hell)
  A shapeshifter zombie (Crypt:2)
  A wyvern skeleton (D:11)
  2 scorpions
  A water moccasin skeleton (D:10)
  An orc simulacrum (Vaults:1)
  A troll zombie (Geh:1)
  17 killer bees
  A vampire bat (Lair:5)
  46 wights
  2 troll skeletons
  4 howler monkeys
  11 crimson imps
  4 centaur zombies
  A demonspawn zombie (Crypt:2)
  5 quasits
  8 hounds
  4 jellies
  5 bullfrog zombies
  19 orc priests
  16 orc wizards
  17 iron imps
  Jessica (D:2)
  A bullfrog skeleton (D:12)
  6 iguanas
  A porcupine zombie (Crypt:1)
  Natasha (thrice) (D:2)
  10 worker ants
  2 big kobold zombies (Sewer)
  A naga zombie (Geh:7)
  An ogre zombie (Coc:7)
  A naga skeleton (Crypt:3)
  A hound zombie (D:11)
  A hound skeleton (D:5)
  29 mummies
  2 worker ant zombies
  8 gnolls
  14 adders
  A steam dragon zombie (Crypt:1)
  3 shadow imps
  17 white imps
  5 ufetubi
  3 oozes (Sewer)
  5 worms
  2 adder skeletons
  4 dart slugs
  4 leopard geckos
  96 orcs
  16 bats
  6 giant cockroaches
  32 hobgoblins
  4 jackals (D:2)
  4 quokkas
  3 ball pythons
  7 frilled lizards
  32 goblins
  27 kobolds
  A leopard gecko skeleton (D:3)
  A leopard gecko zombie (D:6)
  A quokka zombie (Crypt:2)
  8 rats
  A bush (Lair:2)
  3 fungi
  3 plants
  7 starspawn tentacles
  5 withered plants (Crypt:3)
3586 creatures vanquished.

Vanquished Creatures (collateral kills)
  3 Ice Fiends (Coc:7)
  An elemental wellspring (Coc:7)
  4 hydras
  3 skeletal warriors
  A spiny frog (Lair:1)
  2 hippogriffs (Lair:6)
  A water elemental (Coc:7)
  2 iron imps (Dis:6)
17 creatures vanquished.

Vanquished Creatures (others)
  Asterion (Elf:1)
  A deep elf master archer (Elf:3)
  3 eldritch tentacles
  An iron dragon (Dis:2)
  2 war gargoyles
  A very ugly thing (Depths:1)
  2 hell hogs
  A naga sharpshooter (Snake:4)
  A deep elf archer (Vaults:3)
  A deep elf mage (Elf:1)
  A necromancer (Depths:3)
  A fire giant zombie (Hell)
  3 freezing wraiths
  3 yaktaurs
  A spectral swamp worm (Depths:5)
  A slime creature (Swamp:4)
  3 flying skulls (Geh:1)
  An insubstantial wisp (Swamp:3)
  2 hell hounds
  A floating eye (Abyss:4)
  A large abomination (Abyss:4)
  2 wights (Geh:1)
  2 iron imps
  An ooze (Sewer)
  2 hobgoblins (D:4)
  A goblin (D:4)
  10 fungi
  3 lurking horrors
  9 plants
  24 starspawn tentacles
  11 tentacles
  22 withered plants (Gauntlet)
119 creatures vanquished.

Grand Total: 3722 creatures vanquished

Notes
Turn   | Place    | Note
-------+----------+-------------------------------------------
     0 | D:1      | Kniotic the Minotaur Berserker began the quest for the Orb.
     0 | D:1      | Reached XP level 1. HP: 19/19 MP: 0/0
   156 | D:1      | Reached XP level 2. HP: 21/26 MP: 1/1
   623 | D:2      | Noticed Jessica
   630 | D:2      | Killed Jessica
   630 | D:2      | Reached skill level 5 in Axes
   630 | D:2      | Reached XP level 3. HP: 31/31 MP: 2/2
   723 | D:2      | Reached XP level 4. HP: 22/39 MP: 3/3
   894 | D:2      | Noticed Natasha
   916 | D:2      | Killed Natasha
  1139 | D:2      | Noticed Natasha
  1149 | D:2      | Killed Natasha
  1149 | D:2      | Reached ** piety under Trog
  1365 | D:2      | Found a burning altar of Makhleb.
  1387 | D:2      | Found an opulent altar of Gozag.
  1424 | D:2      | Reached XP level 5. HP: 45/47 MP: 4/4
  1576 | D:2      | Noticed Natasha
  1588 | D:2      | Killed Natasha
  1757 | D:2      | Found a hazy altar of Hepliaklqana.
  2083 | D:3      | Found a faded altar of an unknown god.
  2125 | D:3      | Found a glowing drain.
  2149 | Sewer    | Entered a sewer
  2276 | Sewer    | Reached skill level 5 in Fighting
  2391 | Sewer    | Found a burning altar of Makhleb.
  2396 | Sewer    | Reached XP level 6. HP: 44/56 MP: 5/5
  2421 | Sewer    | Reached *** piety under Trog
  2421 | Sewer    | Reached skill level 5 in Armour
  2581 | Sewer    | Noticed Grinder
  2591 | Sewer    | Killed Grinder
  2591 | Sewer    | Reached XP level 7. HP: 37/63 MP: 4/6
  3298 | D:4      | Noticed Pikel
  3306 | D:4      | Killed Pikel
  3306 | D:4      | Reached XP level 8. HP: 70/70 MP: 5/7
  3352 | D:4      | Found a shadowy altar of Dithmenos.
  3375 | D:4      | Found Hiogeoh's General Store.
  3380 | D:4      | Found a sparkling altar of Nemelex Xobeh.
  3384 | D:4      | Bought a potion of curing for 36 gold pieces
  3384 | D:4      | Bought a scroll of identify for 24 gold pieces
  3494 | D:4      | Reached **** piety under Trog
  3600 | D:4      | Reached skill level 10 in Axes
  4571 | D:5      | Entered Level 5 of the Dungeon
  4894 | D:5      | Found a staircase to the Ecumenical Temple.
  4989 | D:5      | Found Piphawoe's Antique Armour Shoppe.
  5036 | D:5      | Found a transporter.
  5045 | D:5      | Noticed kalodont's ghost (novice KoEn)
  5072 | D:5      | Found a transporter.
  5431 | D:6      | Reached XP level 9. HP: 75/75 MP: 8/8
  5480 | D:6      | Found Giraxt's Book Emporium.
  5598 | D:6      | Found a runed translucent door.
  5598 | D:6      | Noticed ciphuk's ghost (novice KoBe)
  5614 | D:6      | Found a runed translucent door.
  5615 | D:6      | Noticed Crazy Yiuf
  5734 | D:6      | Reached ***** piety under Trog
  5756 | D:6      | Noticed Blork the orc
  5765 | D:6      | Killed Blork the orc
  5894 | D:6      | Found a sacrificial altar of Ru.
  6426 | D:7      | Reached XP level 10. HP: 83/83 MP: 9/9
  7058 | D:8      | Found a transporter.
  7058 | D:8      | Noticed a two-headed ogre
  7173 | D:8      | Identified the +1 great sword "Eqapi" {speed, *Drain *Slow
                  | rF++ rC+++}
  7175 | D:8      | Noticed TreeFish's ghost (novice HuTm)
  7175 | D:8      | Noticed a moth of wrath
  7178 | D:8      | Found a bloodstained altar of Trog.
  7212 | D:8      | Found a transporter.
  7282 | D:8      | Received a gift from Trog
  7442 | D:8      | Noticed Harold
  7449 | D:8      | Killed Harold
  7920 | D:8      | Noticed Erica
  7927 | D:8      | Killed Erica
  7927 | D:8      | Reached XP level 11. HP: 94/94 MP: 10/10
  7981 | D:8      | Found a large runed translucent door.
  7985 | D:8      | Paralysed by a hornet for 1 turns
  7990 | D:8      | Found a large runed translucent door.
  8294 | D:8      | Found a shimmering blue altar of Sif Muna.
  8376 | D:8      | Found an iron altar of Okawaru.
  8376 | D:8      | Noticed an eight-headed hydra
  8397 | D:8      | Killed a ten-headed hydra
  8568 | D:8      | Found an ancient bone altar of Kikubaaqudgha.
  8568 | D:8      | Noticed an eight-headed hydra
  8934 | D:9      | Noticed a two-headed ogre
  8939 | D:9      | Killed a two-headed ogre
  8948 | D:9      | Reached skill level 10 in Armour
  9061 | D:9      | Found a runed translucent door.
  9061 | D:9      | Noticed an ice dragon
  9061 | D:9      | Noticed a fire dragon
  9062 | D:9      | Noticed an ice dragon
  9063 | D:9      | Found the +2 shield of Resistance {rF+ rC+ MR+}
  9063 | D:9      | Noticed a fire dragon
  9226 | D:9      | Found a runed translucent door.
  9237 | D:9      | Found a staircase to the Lair.
  9246 | D:9      | Got a spiked cloak
  9252 | D:9      | Identified the +0 cloak of Mezcal {Dex+2 Slay+2} (You found
                  | it on level 9 of the Dungeon)
  9422 | D:9      | Killed an ice dragon
  9422 | D:9      | Reached skill level 10 in Fighting
  9423 | D:9      | Killed a fire dragon
  9426 | D:9      | Killed a fire dragon
  9430 | D:9      | Killed an ice dragon
  9731 | D:10     | Entered Level 10 of the Dungeon
 10245 | D:11     | Found a staircase to the Orcish Mines.
 10327 | D:11     | Noticed Psyche
 10328 | D:11     | Noticed Urug
 10329 | D:11     | Noticed a purple ugly thing
 10336 | D:11     | Killed Psyche
 10338 | D:11     | Reached XP level 12. HP: 110/110 MP: 7/11
 10341 | D:11     | Killed Urug
 10776 | D:11     | Noticed Josephine
 10783 | D:11     | Killed Josephine
 11313 | D:12     | Received a gift from Trog
 11400 | D:12     | Noticed a death knight
 11413 | D:12     | Killed a death knight
 11586 | D:12     | Noticed a four-headed hydra
 11644 | D:12     | Reached XP level 13. HP: 106/123 MP: 12/12
 12017 | Lair:1   | Entered Level 1 of the Lair of Beasts
 12313 | Lair:1   | Found a bloodstained altar of Trog.
 13155 | Lair:2   | Reached skill level 15 in Armour
 13351 | Lair:2   | Reached skill level 15 in Fighting
 14125 | Lair:3   | Found a gate leading to a gauntlet.
 14145 | Gauntlet | Entered a Gauntlet
 14145 | Gauntlet | Found a transporter.
 14148 | Gauntlet | Found a transporter.
 14152 | Gauntlet | Found a transporter.
 14152 | Gauntlet | Found a transporter.
 14155 | Gauntlet | Found a transporter.
 14156 | Gauntlet | Found a transporter.
 14164 | Gauntlet | Found a transporter.
 14166 | Gauntlet | Found the +7 mace of Variability {chain chaos}
 14173 | Gauntlet | Found a transporter.
 14173 | Gauntlet | Noticed an entropy weaver
 14232 | Gauntlet | Found a transporter.
 14248 | Gauntlet | Found a transporter.
 14252 | Gauntlet | Found a transporter.
 14272 | Gauntlet | Found a transporter.
 14506 | Gauntlet | Killed an entropy weaver
 14519 | Gauntlet | Got a fine glass ring
 14544 | Gauntlet | Identified the ring of Faxycza {rF+ Stlth+} (You found it
                  | in a Gauntlet)
 14555 | Gauntlet | Noticed a minotaur
 14563 | Gauntlet | Killed a minotaur
 14580 | Gauntlet | Got an ancient mace
 14580 | Gauntlet | Got a brightly glowing quarterstaff
 14580 | Gauntlet | Got a polished hunting sling
 15052 | Lair:4   | Reached XP level 14. HP: 133/136 MP: 13/13
 15056 | Lair:4   | Noticed Snorg
 15077 | Lair:4   | Killed Snorg
 15456 | Lair:4   | Found a staircase to the Snake Pit.
 15598 | Lair:4   | Reached skill level 5 in Maces & Flails
 15604 | Lair:4   | Found a staircase to the Swamp.
 16144 | Lair:5   | Reached ****** piety under Trog
 16885 | Lair:5   | Received a gift from Trog
 16897 | Lair:5   | Identified the +7 mace "Ylof" {crush, rPois MR+ Int-2} (You
                  | found it in a Gauntlet)
 17663 | Lair:6   | Entered Level 6 of the Lair of Beasts
 17671 | Lair:6   | Reached skill level 10 in Maces & Flails
 18114 | Lair:6   | Found a burning altar of Makhleb.
 18406 | Lair:6   | Found a gateway to Hell.
 18582 | Lair:6   | Found a staircase to the Slime Pits.
 18583 | Lair:6   | Found a viscous altar of Jiyva.
 18961 | Orc:1    | Entered Level 1 of the Orcish Mines
 19113 | Orc:2    | Entered Level 2 of the Orcish Mines
 19477 | Orc:2    | Noticed Sonja
 19484 | Orc:2    | Reached XP level 15. HP: 144/144 MP: 14/14
 19698 | Orc:2    | Found a staircase to the Elven Halls.
 19706 | Orc:2    | Killed Sonja
 19713 | Orc:2    | Found Muerelof's Book Shop.
 20042 | Orc:2    | Received a gift from Trog
 20103 | Orc:2    | Found Matz's Assorted Antiques.
 20300 | Orc:2    | Found Opapimn's Distillery.
 20304 | Orc:2    | Found Fod Ydun's Antique Armour Emporium.
 20305 | Orc:2    | Found Otra's Weapon Shop.
 20707 | Orc:2    | Bought a potion of curing for 36 gold pieces
 20707 | Orc:2    | Bought 2 potions of heal wounds for 120 gold pieces
 20707 | Orc:2    | Bought a potion of curing for 36 gold pieces
 20871 | D:12     | Identified a +1 pair of boots of running (You found it on
                  | level 12 of the Dungeon)
 21015 | D:13     | Found a portal to a secret trove of treasure.
 21055 | D:13     | Found a shadowy altar of Dithmenos.
 21075 | D:13     | Reached skill level 15 in Maces & Flails
 21237 | D:13     | Found Zated's Changing Room.
 21393 | D:13     | Received a gift from Trog
 21545 | D:13     | Identified the cursed +1 quarterstaff of the Wraith {crush,
                  | rPois MR- Int+4} (You found it in a Gauntlet)
 21546 | D:13     | Identified the +7 hunting sling of War {venom, *Slow rPois
                  | rC+ Dex+3} (You found it in a Gauntlet)
 21722 | D:14     | Found the +5 robe of Night {Dark MR+ SInv}
 21860 | D:14     | Found a gate to the Vaults.
 22027 | D:14     | Noticed Jorgrun
 22041 | D:14     | Killed Jorgrun
 22172 | D:14     | Received a gift from Trog
 22436 | D:15     | Entered Level 15 of the Dungeon
 22678 | D:15     | Received a gift from Trog
 22715 | D:15     | Found a staircase to the Depths.
 22849 | D:15     | Noticed Rupert
 22858 | D:15     | Killed Rupert
 22928 | D:15     | Reached XP level 16. HP: 99/151 MP: 15/15
 23208 | D:15     | Found a shattered altar of Ashenzari.
 23796 | Snake:1  | Entered Level 1 of the Snake Pit
 23951 | Snake:1  | Noticed Aizul
 23960 | Snake:1  | Killed Aizul
 23961 | Snake:1  | Noticed Louise
 24413 | Snake:1  | Killed Louise
 25485 | Snake:2  | Received a gift from Trog
 26034 | Snake:2  | Noticed Vashnia
 26622 | Snake:2  | Noticed Kirke
 26672 | Snake:2  | Killed Kirke
 27160 | Snake:2  | Killed Vashnia
 28321 | Snake:3  | Noticed Agnes
 28335 | Snake:3  | Killed Agnes
 30535 | Snake:3  | Received a gift from Trog
 30683 | Snake:3  | Reached XP level 17. HP: 141/161 MP: 16/16
 30924 | Snake:4  | Entered Level 4 of the Snake Pit
 31335 | Snake:4  | Identified Roxanne's Papyrus of Moulding
 31335 | Snake:4  | Noticed Roxanne
 32804 | Snake:4  | Received a gift from Trog
 34561 | Snake:4  | Got a serpentine rune of Zot
 34895 | Snake:4  | Killed Roxanne
 35042 | Swamp:1  | Entered Level 1 of the Swamp
 35455 | Swamp:1  | Received a gift from Trog
 35654 | Swamp:1  | Reached XP level 18. HP: 151/173 MP: 17/17
 37296 | Swamp:3  | Received a gift from Trog
 38110 | Swamp:4  | Entered Level 4 of the Swamp
 38382 | Swamp:4  | Noticed Nikola
 38484 | Swamp:4  | Killed Nikola
 39161 | Swamp:4  | Received a gift from Trog
 39615 | Swamp:4  | Noticed the 27-headed Lernaean hydra
 39628 | Swamp:4  | Killed the 22-headed Lernaean hydra
 39974 | Swamp:4  | Got a decaying rune of Zot
 40264 | Elf:1    | Entered Level 1 of the Elven Halls
 40593 | Elf:1    | Found Hauqo's Assorted Antiques.
 40651 | Elf:1    | Found a flickering gateway to a bazaar.
 40652 | Elf:1    | Noticed Asterion
 40660 | Bazaar   | Entered a bazaar
 40660 | Bazaar   | Found Gitucs's Magic Scroll Emporium.
 40660 | Bazaar   | Found Axtocwy's General Store.
 40660 | Bazaar   | Found Zymp's Food Shoppe.
 40660 | Bazaar   | Found Zetaur's Antique Armour Shop.
 40662 | Bazaar   | Found Neqir's Distillery.
 40958 | Bazaar   | Bought dazzling shadow dragon scales for 2550 gold pieces
 40958 | Bazaar   | Identified the +1 shadow dragon scales of Inevitability
                  | {rF+ Dex+5 Stlth++++} (You bought it in a shop in a bazaar)
 40993 | Elf:1    | Killed Asterion
 41003 | Elf:1    | Reached XP level 19. HP: 144/185 MP: 18/18
 41192 | Elf:1    | Received a gift from Trog
 41410 | Elf:1    | Found Kuischyet's Jewellery Boutique.
 41949 | Elf:1    | Found Anacapoi's Jewellery Boutique.
 42166 | Elf:2    | Found Ihot's Assorted Antiques.
 42337 | Elf:2    | Received a gift from Trog
 42396 | Elf:2    | Found Nyrusat's Gadget Boutique.
 42398 | Elf:2    | Found Vefaym's Jewellery Emporium.
 42399 | Elf:2    | Found Acie's Gadget Boutique.
 42411 | Elf:2    | Bought the ring of Cuttileo {+Inv rElec MR+} for 552 gold
                  | pieces
 42547 | Elf:2    | Found a huge runed translucent gate.
 42555 | Elf:2    | Found a huge runed translucent gate.
 42556 | Elf:2    | Found a huge runed translucent gate.
 42557 | Elf:2    | Found a huge runed translucent gate.
 42558 | Elf:2    | Found a huge runed translucent gate.
 42629 | Elf:3    | Entered Level 3 of the Elven Halls
 42675 | Elf:3    | Found a transporter.
 42818 | Elf:3    | Found Zosonoi's Book Shop.
 42852 | Elf:3    | Found a transporter.
 42852 | Elf:3    | Noticed Req Tigi's ghost (adept FoFi)
 43980 | Elf:3    | Received a gift from Trog
 44188 | Elf:3    | Identified An Early Guide to Magic
 44316 | Elf:3    | Got a crystal morningstar
 44320 | Elf:3    | Got a jewelled scale mail
 44321 | Elf:3    | Identified the +7 morningstar of the Magi {antimagic,
                  | Stlth+} (You found it on level 3 of the Elven Halls)
 44322 | Elf:3    | Identified the +1 scale mail of Resourcefulness {rElec}
                  | (You found it on level 3 of the Elven Halls)
 44653 | Vaults:1 | Entered Level 1 of the Vaults
 45190 | Vaults:1 | Reached XP level 20. HP: 193/198 MP: 19/19
 45661 | Vaults:1 | Received a gift from Trog
 46267 | Vaults:2 | Received a gift from Trog
 46786 | Vaults:2 | Found a staircase to the Crypt.
 47738 | Vaults:3 | Found Fison's Weapon Shoppe.
 47905 | Vaults:3 | Received a gift from Trog
 48538 | Vaults:3 | Reached XP level 21. HP: 206/206 MP: 20/20
 48868 | Vaults:4 | Received a gift from Trog
 48877 | Vaults:4 | Got a transparent battleaxe {god gift}
 48990 | Vaults:4 | Identified the +1 battleaxe of Insufficient Pleasure {chop,
                  | +Blink Int+3} (Trog gifted it to you on level 4 of the
                  | Vaults)
 49459 | Vaults:4 | Received a gift from Trog
 49655 | Vaults:4 | Noticed Saint Roka
 49687 | Vaults:4 | Killed Saint Roka
 49720 | Vaults:4 | Identified the Grimoire of Creative Conjuration
 50376 | Depths:1 | Entered Level 1 of the Depths
 50391 | Depths:1 | Found a shimmering altar of Xom.
 50391 | Depths:1 | Found an iron altar of Okawaru.
 50392 | Depths:1 | Found a shimmering altar of Xom.
 50392 | Depths:1 | Found a shimmering altar of Xom.
 50487 | Depths:1 | Received a gift from Trog
 50845 | Depths:1 | Noticed Bai Suzhen
 50854 | Depths:1 | Killed Bai Suzhen
 50955 | Depths:1 | Found a one-way gate to the infinite horrors of the Abyss.
 51255 | Depths:1 | Noticed a golden dragon
 51258 | Depths:1 | Reached XP level 22. HP: 161/215 MP: 21/21
 51262 | Depths:1 | Killed a golden dragon
 51714 | Depths:1 | Found a snail-covered altar of Cheibriados.
 51848 | Depths:1 | Received a gift from Trog
 52356 | Depths:2 | Paralysed by a floating eye for 3 turns
 52673 | Depths:2 | Received a gift from Trog
 53767 | Depths:3 | Received a gift from Trog
 54582 | Depths:3 | Found a one-way gate leading to the halls of Pandemonium.
 54936 | Depths:4 | Identified a scroll of acquirement
 55324 | Depths:4 | Received a gift from Trog
 55455 | Depths:4 | Reached XP level 23. HP: 225/225 MP: 22/22
 57494 | Depths:5 | Entered Level 5 of the Depths
 57506 | Depths:5 | Received a gift from Trog
 57986 | Depths:5 | Found a gateway to a ziggurat.
 58688 | Depths:5 | Got an ancient great sword
 59059 | Depths:5 | Found a gate to the Realm of Zot.
 59678 | Elf:1    | Bought the ring of Vecofayr {rN+++ Str-5 Dex+3 Slay+2 SInv}
                  | for 458 gold pieces
 59936 | Crypt:1  | Entered Level 1 of the Crypt
 61183 | Crypt:2  | Received a gift from Trog
 61628 | Crypt:2  | Reached XP level 24. HP: 221/237 MP: 22/22
 61702 | Crypt:2  | Noticed Boris
 61712 | Crypt:2  | Killed Boris
 61792 | Crypt:2  | Received a gift from Trog
 62535 | Crypt:3  | Entered Level 3 of the Crypt
 62535 | Crypt:3  | Noticed Khufu
 62535 | Crypt:3  | Noticed a greater mummy
 62535 | Crypt:3  | Noticed a greater mummy
 62718 | Crypt:3  | Killed a greater mummy
 62721 | Crypt:3  | Killed Khufu
 62722 | Crypt:3  | Killed a greater mummy
 63073 | Crypt:3  | Noticed Mara
 63081 | Crypt:3  | Killed Mara
 63096 | Crypt:3  | Received a gift from Trog
 63169 | Crypt:3  | Noticed Boris
 63179 | Crypt:3  | Noticed Mennas
 63181 | Crypt:3  | Killed Boris
 63193 | Crypt:3  | Killed Mennas
 63429 | Crypt:3  | Found an ancient bone altar of Kikubaaqudgha.
 63460 | Crypt:3  | Identified the +6 great sword "Kenaacs" {freeze, rF+} (You
                  | found it on level 5 of the Depths)
 63481 | Crypt:3  | Noticed an ancient lich
 63488 | Crypt:3  | Killed an ancient lich
 63939 | Crypt:3  | Found a staircase to the Tomb.
 63963 | Crypt:3  | Got a warped amber ring
 63981 | Crypt:3  | Noticed an ancient lich
 63989 | Crypt:3  | Killed an ancient lich
 64089 | Crypt:3  | Identified the ring of Yzidurgha {rElec EV+6 Int+5 Dex+4}
                  | (You found it on level 3 of the Crypt)
 64203 | Crypt:3  | Received a gift from Trog
 64554 | Elf:2    | Bought bloodstained gold dragon scales for 3315 gold pieces
 64554 | Elf:2    | Identified the +15 gold dragon scales "Qogucvun" {rPois rF+
                  | rC+ rN+ Str+2 Dex-4} (You bought it in a shop on level 2 of
                  | the Elven Halls)
 64995 | Tomb:1   | Entered Level 1 of the Tomb of the Ancients
 65133 | Tomb:1   | Noticed Boris
 65142 | Tomb:1   | Killed Boris
 65142 | Tomb:1   | Reached XP level 25. HP: 166/246 MP: 22/22
 65586 | Tomb:1   | Noticed a greater mummy
 65622 | Tomb:1   | Killed a greater mummy
 66353 | Tomb:1   | Noticed a greater mummy
 66673 | Tomb:1   | Killed a greater mummy
 66869 | Tomb:1   | Received a gift from Trog
 66891 | Tomb:1   | Noticed a greater mummy
 66900 | Tomb:1   | Killed a greater mummy
 66900 | Tomb:1   | Reached skill level 27 in Axes
 67729 | Vaults:5 | Entered Level 5 of the Vaults
 67748 | Vaults:5 | Noticed an ancient lich
 67766 | Vaults:5 | Noticed an ancient lich
 67802 | Vaults:5 | Noticed an ancient lich
 67805 | Vaults:5 | HP: 2/250 [ancient lich/bolt of lightning (14)]
 68598 | Vaults:5 | Killed an ancient lich
 68598 | Vaults:5 | Received a gift from Trog
 68919 | Vaults:5 | Killed an ancient lich
 69021 | Vaults:5 | Identified the ring "Laro" {Wiz Str+5}
 69058 | Vaults:5 | Killed an ancient lich
 69058 | Vaults:5 | Reached XP level 26. HP: 246/262 MP: 22/22
 69084 | Vaults:5 | Noticed an ancient lich
 69089 | Vaults:5 | Killed an ancient lich
 69137 | Vaults:5 | Got a silver rune of Zot
 69245 | Vaults:5 | Received a gift from Trog
 69354 | Vaults:5 | Found Lil Naq's Weapon Boutique.
 69365 | Vaults:5 | Reached skill level 27 in Armour
 69621 | Vaults:5 | Reached skill level 27 in Fighting
 70547 | Depths:1 | Voluntarily entered the Abyss.
 70547 | Abyss:1  | Found a corrupted altar of Lugonu.
 70974 | Abyss:1  | Reached skill level 5 in Dodging
 71030 | Abyss:1  | Received a gift from Trog
 71033 | Abyss:1  | Got an encrusted war axe {god gift}
 71046 | Abyss:1  | Identified the +1 war axe of the Pill Bug {flame, rF+ rC+
                  | Int+4 Stlth+} (Trog gifted it to you on level 1 of the
                  | Abyss)
 71276 | Abyss:3  | Found a corrupted altar of Lugonu.
 71680 | Abyss:3  | Paralysed by accursed screaming for 1 turns
 71935 | Abyss:4  | Received a gift from Trog
 71976 | Abyss:4  | Gained mutation: You occasionally shout uncontrollably at
                  | your foes. [a neqoxec]
 72089 | Abyss:4  | Paralysed by a floating eye for 3 turns
 72129 | Abyss:4  | Paralysed by accursed screaming for 1 turns
 72288 | Abyss:4  | Reached skill level 10 in Dodging
 72288 | Abyss:4  | Reached XP level 27. HP: 220/273 MP: 7/22
 72615 | Abyss:4  | Paralysed by accursed screaming for 1 turns
 72626 | Abyss:4  | Received a gift from Trog
 72639 | Abyss:4  | Got an abyssal rune of Zot
 73031 | Depths:1 | Escaped the Abyss
 73143 | D:13     | You paid a toll of 2 scrolls of acquirement to enter a
                  | treasure trove
 73144 | Trove    | Entered a treasure trove
 73159 | Trove    | Got a bloodstained executioner's axe
 73162 | Trove    | Got a coiled brass amulet
 73174 | Trove    | Got a dazzling hat
 73178 | Trove    | Identified the +2 executioner's axe of Offence {vamp, Int+2
                  | Stlth+} (You found it in a treasure trove)
 73179 | Trove    | Identified the amulet of Disoc {Gourm rF+} (You found it in
                  | a treasure trove)
 73180 | Trove    | Identified the -3 hat of the Guilds {Dex+2} (You found it
                  | in a treasure trove)
 73454 | Hell     | Entered the Vestibule of Hell
 73454 | Hell     | Noticed Geryon
 73472 | Hell     | Noticed an ancient lich
 73477 | Hell     | Killed Geryon
 74975 | Hell     | Killed an ancient lich
 75269 | Depths:1 | Received a gift from Trog
 75874 | Hell     | Found a gateway to the decaying netherworld of Tartarus.
 75918 | Hell     | Found a gateway to the ashen valley of Gehenna.
 75982 | Hell     | Found a gateway to the Iron City of Dis.
 76103 | Hell     | Found a gateway to the freezing wastes of Cocytus.
 76168 | Geh:1    | Entered Level 1 of Gehenna
 76399 | Hell     | Received a gift from Trog
 77142 | Geh:5    | Received a gift from Trog
 78191 | Geh:4    | Reached skill level 27 in Maces & Flails
 78225 | Geh:4    | Reached skill level 15 in Dodging
 78600 | Geh:7    | Entered Level 7 of Gehenna
 78619 | Geh:7    | Received a gift from Trog
 79222 | Geh:7    | Received a gift from Trog
 79247 | Geh:7    | Received a gift from Trog
 79257 | Geh:7    | Got a transparent battleaxe {god gift}
 79260 | Geh:7    | Identified the +2 battleaxe "Guamm" {speed, rN+ Str-4
                  | Int+3} (Trog gifted it to you on level 7 of Gehenna)
 79405 | Geh:7    | Identified the +7 sceptre of Asmodeus
 79405 | Geh:7    | Noticed Asmodeus
 79433 | Geh:7    | Killed Asmodeus
 79476 | Geh:7    | Got a smoking quarterstaff
 79486 | Geh:7    | Found the brooch of Shielding {Reflect SH+8}
 79495 | Geh:7    | Got a heavily runed amber ring
 79526 | Geh:7    | Got a slimy mace
 79539 | Geh:7    | Got an obsidian rune of Zot
 79543 | Geh:7    | Identified the +9 quarterstaff "Pumop" {vamp, rF+ rN+
                  | Str-2} (You found it on level 7 of Gehenna)
 79544 | Geh:7    | Identified the +9 mace of Niodutur {crush, *Slow Str+3
                  | Int+4} (You found it on level 7 of Gehenna)
 79545 | Geh:7    | Identified the ring of Botziog {rN+ Stlth-} (You found it
                  | on level 7 of Gehenna)
 79561 | Geh:7    | Reached skill level 1 in Shields
 79959 | Coc:1    | Entered Level 1 of Cocytus
 79990 | Coc:1    | Reached skill level 5 in Shields
 80164 | Coc:4    | Reached skill level 10 in Shields
 80236 | Coc:5    | Received a gift from Trog
 80284 | Coc:7    | Entered Level 7 of Cocytus
 80502 | Coc:7    | HP: 9/273 [Ice Fiend[the effects of Hell] (16)]
 81048 | Coc:2    | Reached skill level 15 in Shields
 81302 | Coc:2    | Received a gift from Trog
 82237 | Coc:7    | Received a gift from Trog
 82299 | Coc:7    | Noticed Antaeus
 82327 | Coc:7    | HP: 10/273 [??? (5)]
 82359 | Coc:7    | Killed Antaeus
 82406 | Coc:7    | Got an icy rune of Zot
 83199 | Dis:1    | Entered Level 1 of the Iron City of Dis
 83281 | Dis:2    | Received a gift from Trog
 84209 | Dis:2    | Received a gift from Trog
 85149 | Dis:7    | Entered Level 7 of the Iron City of Dis
 85253 | Dis:7    | Received a gift from Trog
 85256 | Dis:7    | Got a slimy great mace {god gift}
 85257 | Dis:7    | Identified the +11 great mace of the Ass {flame, Int+2
                  | Dex+3 Stlth+} (Trog gifted it to you on level 7 of the Iron
                  | City of Dis)
 85442 | Dis:7    | Identified the ring "Yniawof" {Wiz Dex+5}
 85713 | Dis:7    | Received a gift from Trog
 86065 | Dis:7    | Identified the +4 staff of Dispater
 86065 | Dis:7    | Noticed Dispater
 86088 | Dis:7    | Killed Dispater
 86125 | Dis:7    | Got a shimmering plate armour
 86146 | Dis:7    | Got an iron rune of Zot
 86907 | Slime:1  | Entered Level 1 of the Pits of Slime
 87059 | Slime:1  | Identified the cursed +1 plate armour of Untruth {Int+2
                  | Slay-2 SInv} (You found it on level 7 of the Iron City of
                  | Dis)
 87216 | Slime:3  | Gained mutation: You are weak. (Str -2) [a shining eye]
 87308 | Slime:5  | Entered Level 5 of the Pits of Slime
 87352 | Slime:5  | Gained mutation: You do not regenerate when monsters are
                  | visible. [a shining eye]
 87391 | Slime:5  | Received a gift from Trog
 87393 | Slime:5  | Noticed the Royal Jelly
 87411 | Slime:5  | HP: 3/273 [acid (11)]
 87411 | Slime:5  | Demolished by an acid blob

Levels and vault maps discovered:
D:1:      eino_arrival_water_star, layout_basic
D:2:      layout_loops_ring, overflow_temple_1_default, lemuel_crystal_altar,
          nicolae_overflow_crystal_walls, uniq_natasha, uniq_jessica
D:3:      layout_rooms, chequers_ecumenical_altar_simple_redux,
          cheibrodos_sewer_entry_bend, minmay_starry_boxes
D:4:      minmay_goblin_kobold_castle, layout_loops_corners,
          lemuel_doored_altar, nemelex_xobeh_ov_fountains_minmay, serial_shops,
          shop, uniq_pikel
D:5:      layout_basic, minmay_temple_entry_poolview, serial_shops, shop,
          gammafunk_ghost_stat_death, first_ration
D:6:      layout_basic, nicolae_overflow_hidden_temple, serial_shops, shop,
          gammafunk_ghost_grave, minmay_misc_feat_tower, centaur_isle,
          uniq_crazy_yiuf_cottage, uniq_blork_the_orc
D:7:      layout_rooms
D:8:      layout_loops_ring, lemuel_coloured_pillars_altar,
          gammafunk_ghost_wrathful_warriors, blue_anna_alchemist
          [blue_anna_fruit_fields, blue_anna_fruit_fields],
          jmf_multi_god_temple2, uniq_erica, uniq_harold
D:9:      layout_cave_pools, grunt_lair_entry_orc_guard_hut,
          minmay_guarded_unrand_resistance
D:10:     layout_roguey
D:11:     hangedman_cross_stitches, layout_cave_pools, uniq_psyche, uniq_urug,
          uniq_josephine
D:12:     layout_roguey
D:13:     layout_rooms, special_room [special_room_orc],
          nicolae_trove_entry_crossroad, nicolae_transmutations_shop,
          grunt_dithmenos_smoke
D:14:     layout_long_grid, skrybe_vaults_entry_preservation,
          hangedman_decor_peaks_small, special_room [special_room_orc],
          drop_trap, uniq_jorgrun
D:15:     gammafunk_enter_depths_forms, layout_basic, kennysheep_flooded_box,
          uniq_rupert
Lair:1:   layout_big_grid, basic_altar, cheibrodos_lair_lostbears,
          grunt_megastairs_5
Lair:2:   layout_cave_pods, chequers_serial_rivers_marsh, st_stairs_3
Lair:3:   layout_loops_ring, gauntlet_entry_generic
Lair:4:   wander_river, layout_regular_city, swamp_mist,
          guppyfry_snake_entry_island, uniq_snorg
Lair:5:   layout_small_grid, nicolae_quartered_pool_medium, roderic_batcave,
          hangedman_lair_generics_rect
Lair:6:   evil_forest, layout_small_grid, slime_altar_1,
          nicolae_volcano_entry_lava_flow, st_stairs_6
Swamp:1:  layout_basic_swamp, evilmike_swamp_ruin_house_2, swamp_pool5,
          cheibrodos_swamp_kobolds
Swamp:2:  layout_falls_marsh, hangedman_swamp_ruin_hall
Swamp:3:  layout_falls_marsh, evilmike_swamp_ruin_house_1
Swamp:4:  swamp_old_school, layout_basic_swamp, uniq_nikola
Snake:1:  layout_grid_maze, serial_bayou_shore_b, uniq_aizul, uniq_louise
Snake:2:  layout_concentric_octagons, uniq_kirke, uniq_vashnia
Snake:3:  layout_rooms, uniq_agnes
Snake:4:  snake_pit, layout_cave_town, uniq_roxanne
Slime:1:  layout_caves
Slime:2:  layout_caves
Slime:3:  cheibrodos_slime_lost_civilization_3, layout_caves, uniq_dissolution
Slime:4:  layout_caves
Slime:5
Orc:1:    layout_caves
Orc:2:    st_orc_open, layout_caves, serial_shops, shop_fountains,
          nicolae_orc_tapped_out, uniq_sonja
Elf:1:    eino_elf_arrival_the_gate, layout_loops_corners, serial_shops,
          bzr_entry_safe, shop, shop, shop, minmay_elf_crystal_heptagon,
          uniq_asterion
Elf:2:    layout_geoelf_octagon, serial_shops, nicolae_shop_overgrown_old_shop,
          minmay_shop_grove
Elf:3:    elf_hall_gauntlet_wide, layout_rooms, serial_shops, shop_statue,
          gammafunk_ghost_arena
Vaults:1: ontoclasm_vaults_decontamination, v_misc_10, ontoclasm_vaults_idyll,
          nicolae_vaults_murderbox, nicolae_vaults_alarming,
          nicolae_vaults_big_angled_halls, hangedman_vaults_nails,
          ontoclasm_vaults_eye, vaults_room_semicircle, vaults_room_fours,
          v_misc_10, layout_vaults_omnigrid
Vaults:2: vaults_room_octagon, hangedman_vaults_corner, v_misc_2,
          hangedman_vaults_stitches, v_rooms_4, vaults_standard_mumra_x,
          ontoclasm_vaults_twist, grunt_vaults_funnel, vaults_dpeg_ring,
          grunt_vaults_hallway_long, layout_vaults_omnicross, dummy_crypt_entry
Vaults:3: nicolae_vaults_network_periphery, nicolae_vaults_lopsided_apartments,
          v_misc_9, v_misc_28, v_alt_pattern_4, hangedman_vaults_corner_blocks,
          nicolae_vaults_shelves_hall, v_misc_17,
          vaults_room_grunt_arrival_ludios, nicolae_vaults_mini_display_case,
          layout_vaults_chaotic_city, serial_shops, shop
Vaults:4: nicolae_vaults_network_quincunx
          [nicolae_vaults_network_quincunx_subvault,
          nicolae_vaults_network_quincunx_subvault,
          nicolae_vaults_network_quincunx_subvault,
          nicolae_vaults_network_quincunx_subvault,
          nicolae_vaults_network_quincunx_subvault],
          nicolae_vaults_little_squares_1, nicolae_vaults_network_quinsquares
          [nicolae_vaults_network_quincunx_subvault,
          nicolae_vaults_network_quincunx_subvault,
          nicolae_vaults_network_quincunx_subvault,
          nicolae_vaults_network_quincunx_subvault], grunt_vaults_bifocal,
          v_misc_9, v_alt_pattern_3, nicolae_vaults_rhombus_5,
          grunt_vaults_twisty, nicolae_vaults_border_crossing,
          nicolae_vaults_yaktaur_gun_rack, nicolae_vaults_meeting,
          layout_vaults_maze_snakey, uniq_saint_roka
Vaults:5: serial_shops
Crypt:1:  layout_chaotic_city
Crypt:2:  layout_chaotic_city, grunt_megastairs_1, uniq_boris
Crypt:3:  quadcrypt_mu, uniq_mennas, uniq_mara, uniq_khufu
Tomb:1
Depths:1: minmay_the_grid_octo_2x2 [minmay_the_grid_octo_fan_narrow,
          minmay_the_grid_octo_shrine, minmay_the_grid_octo_empty,
          minmay_the_grid_octo_prize_big_c], layout_gridlike, grunt_hell_horde,
          abyss_entry, serial_bayou_ford_a, cheibriados_altar_1, uniq_bai_suzhen
Depths:2: cheibrodos_birdhouse, layout_basic, hellmouth_1,
          chequers_serial_rivers_micro_e
Depths:3: hangedman_elemental_death_ray, layout_gridville, pan_entry,
          chequers_jeans, hell_entry, minmay_room_of_horrors,
          infiniplex_staircase_pillars_1
Depths:4: dpeg_oklob_gauntlet, layout_cross, hangedman_decor_diamond_cutter,
          grunt_hell_entry_dis_mu, abyss_entry, minmay_protected_statue
Depths:5: evilmike_zot_entry_round, layout_gridlike, enter_ziggurat_a,
          hex_medium, pan_entry, pf_hell_entry_tar_river,
          serial_sigils_hangedman_etch
Hell
Dis:1:    layout_gridville
Dis:2:    layout_jigsaw, hangedman_dis_decor_blocks_talon,
          hangedman_player_shredder
Dis:3:    layout_chaotic_city
Dis:4:    layout_overlapping_boxes
Dis:5:    layout_subdivisions
Dis:6:    layout_subdivisions
Dis:7:    dis_hangedman
Geh:1:    layout_gehenna_lava_caves
Geh:2:    layout_gehenna_lava_caves, lemuel_hellion_isle
Geh:3:    layout_gehenna_lava_caves
Geh:4:    layout_gehenna_pools_triple
Geh:5:    layout_gehenna_lava_caves, nicolae_geh_single_fiery_grave
Geh:6:    layout_gehenna_pools_triple
Geh:7:    geh_mu
Coc:1:    layout_ice_bergs
Coc:2:    layout_cocytus_water_paths, lemuel_elevator
Coc:3:    layout_cocytus_water_paths
Coc:4:    layout_ice_bergs
Coc:5:    layout_cocytus_water_paths
Coc:6:    layout_cocytus_water_paths
Coc:7:    coc_grunt

Skill      XL: |  1  2  3  4  5  6  7  8  9 10 11 12 13 14 15 16 17 18 19 20 21 22 23 24 25 26 27 |
---------------+----------------------------------------------------------------------------------+-----
Axes           | 4 5 6 8 11 17 19 20 21 23 24 26 27 | 27.0
Fighting       | 4 5 6 8 11 13 15 16 17 18 20 21 22 23 24 26 27 | 27.0
Armour         | 3 4 7 9 11 14 16 17 18 20 21 22 23 24 26 27 | 27.0
Maces & Flails | 13 17 19 20 21 22 23 24 25 27 | 27.0
Dodging        | 10 18 | 18.3
Shields        | 26 | 26.4

Action                   |  1- 3 |  4- 6 |  7- 9 | 10-12 | 13-15 | 16-18 | 19-21 | 22-24 | 25-27 || total
-------------------------+-------+-------+-------+-------+-------+-------+-------+-------+-------++-------
Melee: Hand axe          |    43 |   170 |   321 |    96 |       |       |       |       |       ||   630
       Headbutt          |     7 |    34 |    62 |   104 |   210 |   335 |   356 |   433 |  1670 ||  3211
       Executioner's axe |       |       |       |   285 |   736 |   961 |  1086 |  1217 |   422 ||  4707
       Unarmed           |       |       |       |       |       |    13 |       |       |       ||    13
       Battleaxe         |       |       |       |       |       |    67 |     3 |       |       ||    70
       Morningstar       |       |       |       |       |       |       |       |       |  3964 ||  3964
Invok: Berserk           |     1 |     5 |     2 |     7 |    12 |    10 |     3 |     5 |    10 ||    55
       Brothers in Arms  |       |       |       |     3 |     6 |       |       |       |     4 ||    13
       Trog's Hand       |       |       |       |       |       |       |    11 |     4 |    51 ||    66
 Abil: Evoke Invisibilit |       |       |       |       |       |       |       |     1 |       ||     1
Evoke: Wand              |       |       |       |     7 |    24 |       |       |    17 |     7 ||    55
       Fan of gales      |       |       |       |     1 |       |       |       |       |       ||     1
  Use: Scroll            |       |     4 |     7 |    14 |    17 |    10 |     7 |    10 |    35 ||   104
       Potion            |       |       |     1 |     2 |     9 |     5 |     1 |     1 |    30 ||    49
 Stab: Sleeping          |       |     1 |       |       |       |       |    30 |    11 |     1 ||    43
       Distracted        |       |     1 |       |       |       |       |     3 |     4 |     3 ||    11
       Invisible         |       |       |       |     4 |       |       |       |     1 |       ||     5
       Paralysed         |       |       |       |     2 |       |       |       |       |       ||     2
       Confused          |       |       |       |       |     1 |       |       |       |       ||     1
  Eat: Chunk             |       |     8 |    13 |    17 |    41 |    18 |    39 |    20 |    41 ||   197
       Ration            |       |     1 |       |     2 |     3 |    14 |       |     9 |    23 ||    52
Armor: Animal skin       |    12 |    19 |     1 |       |       |       |       |       |       ||    32
       Scale mail        |       |       |    86 |       |       |       |       |       |       ||    86
       Plate armour      |       |       |       |   263 |   603 |   756 |       |       |       ||  1622
       Shadow dragon sca |       |       |       |       |       |     7 |   562 |   624 |       ||  1193
       Gold dragon scale |       |       |       |       |       |       |       |    21 |  2232 ||  2253
Dodge: Dodged            |    33 |    99 |   162 |   174 |   405 |   410 |   380 |   392 |  3053 ||  5108
Block: Other             |       |       |       |    12 |   200 |   210 |   195 |   172 |   119 ||   908
       Reflection        |       |       |       |       |    12 |    25 |    22 |    10 |    25 ||    94
       Shield            |       |       |       |       |       |       |       |       |  3487 ||  3487
